 Dungeon Crawl Stone Soup version 0.23.2-40-g277498a001 (webtiles) character file.

Game seed: 10332338040803649056

2851 Folks the Conjurer (level 9, -7/62 HPs)
             Began as a Demigod Conjurer on Aug 21, 2019.
             Killed by the air
             ... invoked by Gastronok
              (29 damage)
             ... on level 8 of the Dungeon.
             The game lasted 00:34:52 (7982 turns).

Folks the Conjurer (Demigod Conjurer)               Turns: 7982, Time: 00:34:53

Health: -7/62      AC:  7    Str: 13    XL:     9   Next: 22%
Magic:  2/29       EV: 12    Int: 23    God:
Gold:   225        SH:  5    Dex: 16    Spells: 1/18 levels left

rFire    + . .     SeeInvis .   e - +0 dagger (venom)
rCold    . . .     Gourm    .   (no shield)
rNeg     . . .     Faith    .   A - +2 robe
rPois    .         Spirit   .   (no helmet)
rElec    .         Reflect  +   w - +1 cloak {MR+}
rCorr    .         Harm     .   (no gloves)
MR       +....                  q - +0 pair of boots
Stlth    ++........             l - +5 amulet of reflection
HPRegen  0.20/turn              r - ring of protection from fire
MPRegen  0.21/turn              v - ring of magical power

@: very slightly contaminated
A: high mp 1
a: no special abilities


You were on level 8 of the Dungeon.
You were not hungry.

You visited 2 branches of the dungeon, and saw 9 of its levels.

You collected 379 gold pieces.
You spent 154 gold pieces at shops.

Inventory:

Hand Weapons
 d - a +0 club
 e - a +0 dagger of venom (weapon)
Missiles
 b - 25 tomahawks (quivered)
 m - 5 tomahawks of dispersal
 o - 48 poisoned needles
Armour
 a - a +0 robe
 q - a +0 pair of boots (worn)
 w - a +1 cloak of magic resistance (worn)
 A - a +2 robe (worn)
 I - a +1 ring mail of cold resistance
Jewellery
 i - an uncursed ring of protection from fire
 l - a +5 amulet of reflection (around neck)
 r - a ring of protection from fire (left hand)
 u - an uncursed ring of protection from fire
 v - a ring of magical power (right hand)
Wands
 p - a wand of paralysis (3)
 z - a wand of clouds (4)
 D - a wand of enslavement (9)
 K - a wand of flame (17)
Scrolls
 j - 6 scrolls of identify
 t - 2 scrolls of teleportation
 y - 2 scrolls of remove curse
 E - a scroll of amnesia
 F - a scroll of enchant weapon {unknown}
 G - a scroll of noise {unknown}
 H - a scroll of fog
 J - a scroll of enchant armour {unknown}
Potions
 f - a potion of ambrosia {unknown}
 g - 4 potions of curing
 h - a potion of degeneration {unknown}
 k - 2 potions of berserk rage
 n - 4 potions of brilliance
 s - 3 potions of resistance
 x - 2 potions of lignification {unknown}
 B - 2 potions of magic {unknown}
Comestibles
 c - 18 rations


   Skills:
 * Level 2.6 Armour
 - Level 1.7 Dodging
 - Level 1.7 Stealth
 - Level 5.2 Spellcasting
 + Level 7.6 Conjurations
 - Level 7.0 Hexes
 - Level 3.0 Translocations


You had one spell level left.
You knew the following spells:

 Your Spells              Type           Power        Failure   Level  Hunger
a - Magic Dart            Conj           ####         1%          1    None
b - Searing Ray           Conj           #####.       1%          2    None
c - Mephitic Cloud        Conj/Pois/Air  ###.....     10%         3    ##.....
d - Fulminant Prism       Conj/Hex       #####.....   4%          4    ####...
e - Force Lance           Conj/Tloc      ####....     10%         4    ####...
f - Conjure Flame         Conj/Fire      ###.....     6%          3    ##.....

Your spell library contained the following spells:

 Spells                   Type           Power        Failure   Level  Hunger
 Corona                   Hex            #####..      1%          1    None
 Slow                     Hex            #####...     1%          2    None
 Confuse                  Hex            #####...     1%          3    ##.....
 Dazzling Spray           Conj/Hex       #####.       1%          3    ##.....
 Tukima's Dance           Hex            #####...     1%          3    ##.....
 Ensorcelled Hibernation  Hex/Ice        ###...       3%          2    None
 Blink                    Tloc           N/A          4%          2    None
 Iskenderun's Mystic Bla  Conj           #####...     4%          4    ####...
 Call Imp                 Summ           #.......     14%         2    None


Dungeon Overview and Level Annotations

Branches:
Dungeon (8/15)             Temple (1/1) D:5
   Lair: D:8-11

Shops:
D:7 [   D:8 !

Annotations:
D:4 1 runed translucent door, Varekei's ghost, amateur MfSk
D:8 Gastronok


Innate Abilities, Weirdness & Mutations

You have an increased reservoir of magic. (+10% MP)


Message History

Casting: Fulminant Prism (safe; 4% risk of failure)
Confirm with . or Enter, or press ? or * to list all spells.
Aiming: Fulminant Prism (safe; 4% risk of failure)
Press: ? - help, Dir - move target cursor You conjure a prism of explosive energy!
Your fulminant prism explodes!
The blast of energy engulfs Gastronok!!
Gastronok is moderately wounded.
The blast of energy engulfs you!!
* * * LOW HITPOINT WARNING * * *
Unknown command.
You feel better.
Your fulminant prism crackles loudly.
Your fulminant prism explodes!
The blast of energy engulfs Gastronok!!
Gastronok is heavily wounded.
You see here a scorpion corpse.
Gastronok waves his eye-stalks in wide circles.
The air twists around and strikes you!
You die...

#.# ##.#...#.# #....
#.. .#.#.....# #.#.#
#.##.#.#.#...# #.#..
#.#####.#..#.......#
#.#.#
........#.##w.∩..[..
#...#
#.###..............
##..#
#......#†##.#####.
#...
#.#.......#<†...#
#.##
..........#@..#.#
#...
...#.....##.....#
#### ##
#.....8#######
#.....## #.....#
##....#


You could see Gastronok.

Vanquished Creatures
  Grinder (D:6)
  A hippogriff (D:7)
  Eustachio (D:5)
  Duvessa (D:4)
  2 ice beasts (D:5)
  3 orc warriors
  A phantom (D:2)
  2 bullfrogs
  A water moccasin zombie (D:6)
  3 scorpions
  Dowan (D:4)
  5 wights (D:7)
  A howler monkey (D:5)
  2 orc priests (D:7)
  A gnoll shaman (D:4)
  A jelly (D:8)
  5 orc wizards
  A hound (D:7)
  Crazy Yiuf (D:3)
  2 bullfrog skeletons (D:7)
  Jessica (D:2)
  Natasha (D:2)
  4 iguanas
  4 worker ants
  2 hound zombies
  2 hound skeletons (D:6)
  A mummy (D:6)
  Robin (D:2)
  9 gnolls
  10 adders
  A shadow imp (D:6)
  An adder skeleton (D:7)
  A dart slug (D:5)
  5 leopard geckos
  26 orcs
  7 bats
  6 giant cockroaches
  18 goblins
  11 hobgoblins
  6 jackals (D:4)
  6 quokkas
  2 ball pythons
  A ball python skeleton (D:4)
  3 frilled lizards
  9 kobolds
  A kobold zombie (D:6)
  2 leopard gecko zombies
  An orc zombie (D:6)
  2 quokka zombies (D:6)
  9 rats
  2 fungi (D:3)
191 creatures vanquished.

Vanquished Creatures (others)
  22 fulminant prisms
22 creatures vanquished.

Grand Total: 213 creatures vanquished

Notes
Turn   | Place    | Note
-------+----------+-------------------------------------------
     0 | D:1      | Folks the Demigod Conjurer began the quest for the Orb.
     0 | D:1      | Reached XP level 1. HP: 14/14 MP: 5/5
   369 | D:1      | Reached XP level 2. HP: 12/20 MP: 4/7
   496 | D:1      | Learned a level 2 spell: Searing Ray
  1426 | D:2      | Noticed Robin
  1432 | D:1      | Reached XP level 3. HP: 9/26 MP: 9/9
  1773 | D:2      | Noticed Jessica
  1845 | D:2      | Killed Jessica
  1962 | D:2      | Learned a level 3 spell: Dazzling Spray
  2117 | D:2      | Found a glowing golden altar of the Shining One.
  2141 | D:2      | Reached XP level 4. HP: 30/33 MP: 6/11
  2167 | D:2      | Noticed a phantom
  2293 | D:2      | Killed a phantom
  2293 | D:2      | Reached skill level 1 in Hexes
  2293 | D:2      | Reached XP level 5. HP: 28/38 MP: 5/13
  2428 | D:2      | Found a bloodstained altar of Trog.
  2458 | D:2      | Noticed Natasha
  2473 | D:2      | Killed Natasha
  2538 | D:2      | Killed Robin
  2894 | D:3      | Paralysed by a kobold for 6 turns
  2967 | D:3      | Learned a level 4 spell: Fulminant Prism
  2997 | D:3      | Found an opulent altar of Gozag.
  3479 | D:3      | Reached XP level 6. HP: 44/45 MP: 14/14
  3585 | D:3      | Found a runed translucent door.
  3586 | D:3      | Noticed Crazy Yiuf
  3594 | D:3      | Killed Crazy Yiuf
  4280 | D:4      | Noticed Dowan
  4281 | D:4      | Noticed Duvessa
  4289 | D:4      | Killed Dowan
  4289 | D:4      | Reached skill level 5 in Conjurations
  4294 | D:4      | Killed Duvessa
  4499 | D:4      | Reached XP level 7. HP: 50/50 MP: 12/16
  4505 | D:4      | Learned a level 4 spell: Force Lance
  4579 | D:4      | Found a runed translucent door.
  4584 | D:4      | Noticed Varekei's ghost (amateur MfSk)
  4584 | D:4      | Noticed a troll
  4614 | D:5      | Entered Level 5 of the Dungeon
  4799 | D:5      | Noticed Eustachio
  4810 | D:5      | Killed Eustachio
  4810 | D:5      | Reached skill level 1 in Translocations
  4884 | D:5      | Reached skill level 5 in Hexes
  5177 | D:5      | Found a staircase to the Ecumenical Temple.
  5182 | Temple   | Entered the Ecumenical Temple
  5484 | D:5      | Reached XP level 8. HP: 43/57 MP: 9/18
  5586 | D:6      | Reached skill level 5 in Spellcasting
  5623 | D:6      | Noticed an angel
  5624 | D:6      | Found a glowing silver altar of Zin.
  5814 | D:6      | Noticed Grinder
  5825 | D:6      | Killed Grinder
  5862 | D:6      | Found a shimmering altar of Xom.
  6274 | D:6      | Found a hazy altar of Hepliaklqana.
  6641 | D:7      | Noticed a hippogriff
  6664 | D:7      | Killed a hippogriff
  6664 | D:7      | Reached skill level 1 in Armour
  6664 | D:7      | Reached XP level 9. HP: 62/62 MP: 4/20
  7282 | D:7      | Found Oshi Yna's Antique Armour Emporium.
  7363 | D:7      | Found a radiant altar of Vehumet.
  7410 | D:8      | Noticed Gastronok
  7714 | D:7      | Bought a runed ring mail for 154 gold pieces
  7917 | D:7      | Learned a level 3 spell: Mephitic Cloud
  7922 | D:7      | Learned a level 3 spell: Conjure Flame
  7936 | D:8      | Found Aphyozio's Distillery.
  7982 | D:8      | Killed from afar by Gastronok

Skill      XL: |  1  2  3  4  5  6  7  8  9 |
---------------+----------------------------+-----
Spellcasting   | 2 3 4 5 |  5.2
Conjurations   | 4 5 7 |  7.6
Hexes          | 1 2 4 5 6 7 |  7.0
Translocations | 2 3 |  3.0
Armour         | 1 2 |  2.6
Dodging        | |  1.7
Stealth        | |  1.7

Action                   |  1- 3 |  4- 6 |  7- 9 || total
-------------------------+-------+-------+-------++-------
Melee: Dagger            |    72 |   116 |    72 ||   260
       Club              |     5 |       |       ||     5
       Unarmed           |     2 |       |       ||     2
 Cast: Magic Dart        |    18 |     5 |     4 ||    27
       Searing Ray       |     7 |    20 |    42 ||    69
       Dazzling Spray    |       |     6 |     7 ||    13
       Fulminant Prism   |       |     6 |    16 ||    22
       Force Lance       |       |       |    18 ||    18
       Mephitic Cloud    |       |       |     1 ||     1
  Use: Scroll            |     2 |       |    10 ||    12
       Potion            |       |       |     1 ||     1
 Stab: Sleeping          |     1 |     3 |     2 ||     6
       Invisible         |       |     3 |     2 ||     5
  Eat: Chunk             |     4 |    10 |    16 ||    30
Armor: Robe              |    16 |    11 |    40 ||    67
Dodge: Dodged            |    52 |    60 |    89 ||   201
Block: Other             |       |    23 |    24 ||    47
       Reflection        |       |     1 |     2 ||     3
